 Dungeon Crawl Stone Soup version 0.31-a0-986-g5e6e4ef867 (webtiles) character file.

Game seed: 5565619149052203261

135 sammy202020 the Shield-Bearer (level 5, -2/33 HPs)
             Began as a Gargoyle Fighter on Nov 23, 2023.
             Killed from afar by Sigmund (5 damage)
             ... with a magic dart
             ... on level 3 of the Dungeon.
             The game lasted 00:04:38 (2159 turns).

sammy202020 the Shield-Bearer (Gargoyle Fighter)    Turns: 2159, Time: 00:04:38

Health: -2/33      AC: 13    Str: 19    XL:     5   Next: 18%
Magic:  5/5        EV:  9    Int: 11    God:
Gold:   91         SH:  4    Dex:  9    Spells: 4/4 levels left

rFire   + . .        a - +0 flail
rCold   . . .        c - +0 buckler
rNeg    + . .        g - +1 scale mail {rF+}
rPois   ∞            (no helmet)
rElec   +            s - +0 cloak
rCorr   .            (no gloves)
SInv    +            (no boots)
Will    .....        q - amulet of the acrobat Stlth
                     f - ring of see invisible
HPRegen 0.25/turn    n - ring of flight
MPRegen 0.09/turn

%: acrobat
@: flying
A: sickness immunity, AC +4, negative energy resistance 1, electricity
resistance, torment resistance 1, petrification resistance
a: no special abilities


You were on level 3 of the Dungeon.
You visited 1 branch of the dungeon, and saw 3 of its levels.

You collected 91 gold pieces.

Inventory:

Hand Weapons
 a - a +0 flail (weapon)
Missiles
 h - 4 poisoned darts
Armour
 c - a +0 buckler (worn)
 g - a +1 scale mail of fire resistance (worn)
 s - a +0 cloak (worn)
Jewellery
 f - a ring of see invisible (left hand)
 n - a ring of flight (right hand)
 q - an amulet of the acrobat (around neck)
Wands
 r - a wand of polymorph (8)
Scrolls
 m - 4 scrolls of revelation
 o - a scroll of identify
 p - a scroll of teleportation
 t - a scroll of enchant weapon {unknown}
Potions
 b - 2 potions of curing
 d - 2 potions of might
 i - a potion of brilliance {unknown}
 j - a potion of mutation {unknown}
 k - 2 potions of haste {unknown}
 l - a potion of lignification {unknown}


   Skills:
 * Level 4.1 Fighting
 * Level 2.8 Maces & Flails
 * Level 4.1 Armour
 + Level 1.1 Dodging
 * Level 4.1 Shields


You had 4 spell levels left.
You didn't know any spells.
Your spell library contained the following spells:

 Spells                   Type           Power      Damage    Failure   Level
 Foxfire                  Conj/Fire      0%         2x1d4     78%         1
 Call Canine Familiar     Summ           0%         N/A       98%         3
 Inner Flame              Hex/Fire       0%         N/A       98%         3
 Sigil of Binding         Hex            0%         N/A       98%         3
 Dimensional Bullseye     Hex/Tloc       0%         N/A       100%        4
 Leda's Liquefaction      Hex/Erth       0%         N/A       100%        4
 Yara's Violent Unravell  Hex/Tmut       0%         3d3       100%        5
 Plasma Beam              Fire/Air       0%         2x1d10    100%        6
 Starburst                Conj/Fire      0%         6d3       100%        6
 Enfeeble                 Hex            0%         N/A       100%        7


Dungeon Overview and Level Annotations

Branches:
Dungeon (3/15)

Altars:

Shops:
D:1 [

Annotations:
D:3 Sigmund


Innate Abilities, Weirdness & Mutations

You are immune to sickness and miasma.
Your stone body is resilient. (AC +4)
You are immune to poison.
You resist negative energy. (rN+)
You are resistant to electric shocks. (rElec)
You are resistant to unholy torment.
You are immune to petrification.


Message History

You throw a dart of dispersal. The dart of dispersal hits Sigmund.
Sigmund blinks!
You see here a +0 leather armour.
Unknown command.
Sigmund barely misses you. Sigmund casts a spell at you.
The magic dart hits you but does no damage.
You hit Sigmund.
Sigmund is moderately wounded.
You block Sigmund's attack.
You hit Sigmund.
Sigmund is heavily wounded.
Sigmund hits you with a +0 scythe.
* * * LOW HITPOINT WARNING * * *
You closely miss Sigmund.
Sigmund is heavily wounded.
Sigmund hits you with a +0 scythe.
* * * LOW HITPOINT WARNING * * *
You closely miss Sigmund.
Sigmund is heavily wounded.
You thump Sigmund!
Sigmund is almost dead.
Sigmund hits you but does no damage.
You barely miss Sigmund.
Sigmund is almost dead.
Sigmund hits you with a +0 scythe.
* * * LOW HITPOINT WARNING * * *
You hit Sigmund.
Sigmund is almost dead.
Sigmund hits you but does no damage.
You closely miss Sigmund.
Sigmund is almost dead.
Sigmund says, "Look into my eyes."
Sigmund barely misses you.
You closely miss Sigmund.
Sigmund is almost dead.
Sigmund casts a spell at you. The magic dart hits you.
You die...
Sigmund begins carving another notch in his scythe.

.........# ...#
###......#.# ....
..........# #..#
#........#
#..#####........#.#
#........@†.......#
#........#.###.#### .
#####.########.###.###....
...............@@.[.......
..############.....#<.....
#.# ...................
#.# #############......
#.# #..... #.# #.... #.#
#.## #.# #.# ## #.# #.#


You could see Sigmund (invisible).

Vanquished Creatures
  Crazy Yiuf (D:2)
  An orc wizard (D:3)
  3 adders
  4 orcs (D:3)
  3 endoplasms (D:1)
  2 giant cockroaches
  5 hobgoblins
  4 quokkas
  5 ball pythons
  2 bats
  2 frilled lizards
  2 goblins
  3 kobolds
  21 rats
58 creatures vanquished.

Notes
Turn   | Place    | Note
-------+----------+-------------------------------------------
     0 | D:1      | sammy202020 the Gargoyle Fighter began the quest for the
                  | Orb.
     0 | D:1      | Reached XP level 1. HP: 14/14 MP: 1/1
   175 | D:1      | Found Yving's Armour Boutique.
   187 | D:1      | Reached XP level 2. HP: 12/19 MP: 2/2
   790 | D:2      | Reached XP level 3. HP: 19/24 MP: 3/3
  1331 | D:2      | Reached XP level 4. HP: 26/29 MP: 4/4
  1442 | D:2      | Found a runed translucent door.
  1443 | D:2      | Noticed Crazy Yiuf
  1640 | D:2      | Killed Crazy Yiuf
  1867 | D:3      | Reached skill level 1 in Dodging
  1867 | D:3      | Reached XP level 5. HP: 8/33 MP: 5/5
  2110 | D:3      | Noticed Sigmund
  2159 | D:3      | Killed from afar by Sigmund

Illustrated notes

Levels and vault maps discovered:
D:1:      dpeg_arrival_houses_and_road, layout_rooms, serial_shops, shop
D:2:      layout_loops_ring, minmay_rat_hole, uniq_crazy_yiuf_cottage
D:3:      layout_loops_ring, uniq_sigmund

Skill      XL: |  1  2  3  4 |
---------------+-------------+-----
Shields        | 4 |  4.1
Armour         | 4 |  4.1
Fighting       | 4 |  4.1
Dodging        | 1 |  1.1
Maces & Flails | |  2.8

Action                     |  1- 3 |  4- 6 || total
---------------------------+-------+-------++-------
  Melee: Flail             |   139 |    93 ||   232
         Unarmed           |       |    13 ||    13
  Throw: Dart              |     4 |     2 ||     6
    Use: Scroll            |     3 |     4 ||     7
   Stab: Confused          |       |     1 ||     1
 Armour: Scale mail        |   113 |    99 ||   212
         Skin              |       |     1 ||     1
  Dodge: Dodged            |    89 |    68 ||   157
  Block: Buckler           |    35 |    20 ||    55

Table legend: (Time is in decaauts)
 A = Elapsed time spent in this place.
 B = Non-inter-level travel time spent in this place.
 C = Inter-level travel time spent in this place.
 D = Time resting spent in this place.
 E = Time spent auto-exploring this place.
 F = Levels seen in this place.
 G = Mean time per level.
                   A        B        C        D        E       F      G
               +--------+--------+--------+--------+--------+-----+--------+
         Total |   2229 |   2229 |      0 |      0 |   1412 |   3 |  743.0 |
       Dungeon |   2229 |   2229 |      0 |      0 |   1412 |   3 |  743.0 |
               +--------+--------+--------+--------+--------+-----+--------+

Top non-repeatable levels by time:
     D:2: 1163 daAuts
     D:1: 634 daAuts
     D:3: 431 daAuts
